 Dungeon Crawl Stone Soup version 0.30.2 (webtiles) character file.

Game seed: 15112462831434812055

318 Nonny the Sneak (level 6, -2/47 HPs)
             Began as a Demonspawn Brigand on Apr 14, 2024.
             Slain by Terence
             ... wielding a +0 flail
              (6 damage)
             ... on level 3 of the Dungeon.
             The game lasted 00:10:03 (2216 turns).

Nonny the Sneak (Demonspawn Brigand)                Turns: 2216, Time: 00:10:03

Health: -2/47      AC:  4    Str: 11    XL:     6   Next: 21%
Magic:  6/6        EV: 14    Int: 12    God:
Gold:   201        SH:  4    Dex: 17    Spells: 5/5 levels left

rFire   . . .        a - +2 dagger
rCold   . . .        (no shield)
rNeg    . . .        b - +0 robe
rPois   .            m - +0 helmet
rElec   .            c - +0 cloak
rCorr   .            (no gloves)
SInv    .            (no boots)
Will    .....        (no amulet)
Stlth   +++          (no ring)
HPRegen 0.27/turn    (no ring)
MPRegen 0.10/turn

%: no passive effects
@: no status effects
A: large bone plates 1, demonic guardian 1, foul stench 1
a: no special abilities


You were on level 3 of the Dungeon.
You visited 1 branch of the dungeon, and saw 3 of its levels.

You collected 201 gold pieces.

Inventory:

Hand Weapons
 a - a +2 dagger (weapon)
 q - a +0 short sword
Missiles
 d - 4 poisoned darts
 r - 7 stones (quivered)
Armour
 b - a +0 robe (worn)
 c - a +0 cloak (worn)
 m - a +0 helmet (worn)
Wands
 s - a wand of roots (7)
Scrolls
 g - a scroll of teleportation {unknown}
 h - a scroll of fear {unknown}
 i - 3 scrolls of poison {unknown}
 j - a scroll of summoning {unknown}
 t - a scroll of enchant armour {unknown}
Potions
 f - a potion of attraction
 k - a potion of heal wounds {unknown}
 l - 3 potions of curing
 n - a potion of might {unknown}
 o - a potion of lignification {unknown}
 p - a potion of brilliance {unknown}


   Skills:
 + Level 3.4 Fighting
 - Level 1.7 Short Blades
 - Level 3.0 Throwing
 + Level 3.9 Dodging
 - Level 4.0 Stealth
 + Level 0.9 Shields
 + Level 0.5 Evocations


You had 5 spell levels left.
You didn't know any spells.
Your spell library contained the following spells:

 Spells                   Type           Power      Damage    Failure   Level
 Animate Dead             Necr           0%         N/A       97%         4
 Haunt                    Necr/Summ      0%         N/A       100%        7
 Infestation              Necr           0%         N/A       100%        8


Dungeon Overview and Level Annotations

Branches:
Dungeon (3/15)

Altars:
Ru

Shops:
D:1 :

Annotations:
D:3 Terence


Innate Abilities, Weirdness & Mutations

You are partially covered in large bone plates. (SH +4)
A weak demonic guardian rushes to your aid.
You may rarely emit foul miasma when damaged in melee.


Message History

You throw a poisoned dart.
The poisoned dart closely misses Terence.
Terence barely misses you.
You hit Terence but do no damage.
Terence is moderately wounded.
Terence screams, "I want your blood!" Terence misses you.
Throw: 5 darts (poison)
Press: ? - help, Shift-Dir - straight line, f/p - Terence
Aim: Terence, wielding a +0 flail and wearing a +0 scale mail (moderately wounded, 65% to hit)
You throw a poisoned dart. The poisoned dart hits Terence.
Terence is poisoned.
Terence is moderately wounded.
Unknown command.
You hit Terence but do no damage.
Terence is moderately wounded.
Terence closely misses you.
You hit Terence but do no damage. You punch Terence, but do no damage.
Terence is moderately wounded.
Terence barely misses you.
You closely miss Terence.
Terence is heavily wounded.
Terence misses you.
You hit Terence but do no damage.
Terence is heavily wounded.
Terence hits you with a +0 flail.
You hit Terence.
Terence is severely wounded.
You block Terence's attack.
You barely miss Terence.
Terence is almost dead.
Terence closely misses you.
You hit Terence.
Terence is almost dead.
Terence looks more healthy.
Terence hits you with a +0 flail!
* * * LOW HITPOINT WARNING * * *
A demonic guardian appears!
You hit Terence but do no damage.
Terence is almost dead.
Terence hits you with a +0 flail.
You die...

#... .... .# #..#
#.# # #.( #.## #
... #..# # #(#
#..# #5# #..#
#@#########..#
#@...........#
###########..#####
#.........
#.##.##### #.##.#
#.##.# #.##<#
#.##.. #.##.#


You could see Terence (ally target) and a friendly iron imp (summoned).

Vanquished Creatures
  Grinder (D:3)
  Robin (D:2)
  3 adders (D:3)
  2 dart slugs (D:2)
  9 bats
  2 endoplasms
  2 giant cockroaches
  11 goblins
  8 hobgoblins
  4 jackals (D:1)
  5 kobolds
  5 ball pythons (D:2)
  10 frilled lizards
  4 rats
67 creatures vanquished.

Notes
Turn   | Place    | Note
-------+----------+-------------------------------------------
     0 | D:1      | Nonny the Demonspawn Brigand began the quest for the Orb.
     0 | D:1      | Reached XP level 1. HP: 16/16 MP: 1/1
    11 | D:1      | Starting vault: ring of plants, ring of water
    85 | D:1      | Found Foafoef's Book Emporium.
   221 | D:1      | Reached skill level 4 in Stealth
   226 | D:1      | Arrow pointing westward.
   246 | D:1      | Gained mutation: You may rarely emit foul miasma when
                  | damaged in melee. [demonic ancestry]
   246 | D:1      | Reached XP level 2. HP: 22/22 MP: 2/2
   466 | D:1      | Reached skill level 1 in Dodging
   509 | D:1      | Frilled lizard chamber.
   644 | D:1      | 960 gold for manual of stealth
   759 | D:2      | glowing golden potion - attraction
   759 | D:2      | ARUONA MANUA - identify
   760 | D:2      | sedimented green potion - degeneration
   782 | D:2      | Reached XP level 3. HP: 23/27 MP: 3/3
   924 | D:2      | Found a sacrificial altar of Ru.
  1054 | D:2      | Noticed Robin
  1114 | D:2      | Killed Robin
  1115 | D:2      | Gained mutation: You are partially covered in large bone
                  | plates. (SH +4) [demonic ancestry]
  1115 | D:2      | Reached XP level 4. HP: 17/34 MP: 4/4
  2110 | D:3      | smoky puce potion - curing
  2190 | D:3      | Noticed Grinder
  2195 | D:3      | Noticed Terence
  2198 | D:3      | Paralysed by Grinder for 2 turns
  2202 | D:3      | Killed Grinder
  2203 | D:3      | Gained mutation: A weak demonic guardian rushes to your
                  | aid. [demonic ancestry]
  2203 | D:3      | Reached XP level 5. HP: 26/41 MP: 5/5
  2203 | D:3      | Reached XP level 6. HP: 30/47 MP: 6/6
  2216 | D:3      | Slain by Terence

Illustrated notes ♣♣♣♣♣♣♣♣♣ ♣<......♣ ##♣.PPPPP.♣ #...P~~~P.♣ #....♣.P~8~P.♣ ##.##♣.P~~~P.♣ # ♣.PPPPP.♣ ♣......@♣ ♣♣♣♣♣♣♣♣♣ Turn 11 on D:1: Starting vault: ring of plants, ring of water #### #.########### #...........# #.###...###.##### #†# #.#.).......# #.# #.#...#.....# #.# #....#......# ..# ###.#######.# ### #..#......# #..@#†....# #.........# ########### Turn 226 on D:1: Arrow pointing westward. ...#.....# #.####... #...##..# #.####..# ###.###..######........ ###...................... #...######.########.##.#. #.###P..P#............... ##.#.P....##########.##### #..##......# ##.###. #.###....@.# ##...# #..######†.# ##### ##.## ###.# #..####†..# ##...†††### ######## Turn 509 on D:1: Frilled lizard chamber.

#.# #...# #.# #.### ########
#######.########...#
....>..#######..................#
###............#####.#########...
#..#.##.###........#########.#.
#..#.##.###.#...#....).......#.
#..#.#^..#...#.#...###########
###..#[.[#......@.....#
...........#...#.#..#.#
###..#.##.##..#...#.#.#
#..#.##.##........#.# .
#..#.##.........###.# #.
###..#.##.##..###.# #.# ##
..........##...##†# #.#
####.###...#..#.#.###.#
........###..###......#


Turn 644 on D:1: 960 gold for manual of stealth .######## .......@# ..###.### #
Turn 759 on D:2: glowing golden potion - attraction .######## .......@#
..###.### # Turn 760 on D:2: sedimented green potion - degeneration ...#..#
.######.###.# #.# #### .# #####.# #.# #.# .... ....#.# #.# #.# .... ...#.# #.#
#.# #### #####..#.###.####.# # ..>#..#..........# ###>#..#####.####.# #######
#......#####...##.# .......##.......@.......<.# ### #[........#######.#### #
###.......# #.# #........# #.# #........# #.# #.#.....## #.# #.##....## #.#
#.##.....#######.# #######................# Turn 2110 on D:3: smoky puce potion
- curing

Levels and vault maps discovered:
D:1:      tarquinn_simple_flora_water_a, layout_loops_ring, serial_shops,
          nicolae_shop_advertising_works [nicolae_subvault_shop_adworks],
          minmay_lizard_king
D:2:      layout_basic, basic_altar, uniq_robin
D:3:      layout_loops_ring, grunt_decor_junction, uniq_grinder, uniq_terence

Skill      XL: |  1  2  3  4 |
---------------+-------------+-----
Stealth        | 4 |  4.0
Throwing       | 2 3 |  3.0
Dodging        | 1 2 3 |  3.9
Fighting       | 3 |  3.4
Short Blades   | |  1.7
Shields        | |  0.9
Evocations     | |  0.5

Action                     |  1- 3 |  4- 6 || total
---------------------------+-------+-------++-------
  Melee: Dagger            |   139 |    56 ||   195
         Punch             |     1 |     2 ||     3
  Throw: Dart              |     2 |     8 ||    10
         Stone             |       |     1 ||     1
  Evoke: Wand              |       |     3 ||     3
    Use: Scroll            |     2 |     1 ||     3
   Stab: Sleeping          |     8 |     5 ||    13
 Armour: Robe              |    46 |     9 ||    55
  Dodge: Dodged            |    92 |    26 ||   118
  Block: Other             |       |    10 ||    10
